 Dungeon Crawl Stone Soup version 0.21.1-1-g345015fe64 (webtiles) character file.

9725 JarielCorvus the Fighter (level 11, 0/103 HPs)
             Began as a Yellow Draconian Berserker on July 8, 2018.
             Was a High Priest of Trog.
             Shot with an arrow by a centaur (4 damage)
             ... on level 11 of the Dungeon.
             The game lasted 00:36:20 (10603 turns).

JarielCorvus the Fighter (DrBe)                    Turns: 10603, Time: 00:36:21

Health: 0/103      AC: 13    Str: 28    XL:     11   Next: 26%
Magic:  11/11      EV: 16    Int:  8    God:    Trog [*****.]
Gold:   782        SH:  0    Dex: 10    Spells: 10/10 levels left

rFire    . . .     SeeInvis .   I - +4 great sword (slice)
rCold    . . .     Gourm    .   (shield currently unavailable)
rNeg     . . .     Faith    .   (armour unavailable)
rPois    .         Spirit   .   (helmet restricted)
rElec    .         Reflect  .   (no cloak)
rCorr    +         Harm     .   k - +1 pair of gloves
MR       .....                  (no boots)
Stlth    +.........             G - amulet of regeneration
HPRegen  0.67/turn              i - +5 ring of strength
MPRegen  0.12/turn              E - +4 ring of protection

@: berserk cooldown, very slightly contaminated, hasted and slowed
A: spit acid, acid resistance, unfitting armour, cold-blooded, AC +7
a: Breathe Acid, Berserk, Trog's Hand, Brothers in Arms, Burn Spellbooks,
Renounce Religion


You were on level 11 of the Dungeon.
You worshipped Trog.
Trog was extremely pleased with you.
You were near starving.

You visited 1 branch of the dungeon, and saw 11 of its levels.
You also visited: Ossuary.

You collected 890 gold pieces.
You spent 108 gold pieces at shops.

Inventory:

Hand Weapons
 a - a +4 falchion
 o - a +1 hunting sling of velocity
 r - a +2 dagger of venom
 s - a +1 short sword of venom
 x - a +1 scimitar of flaming
 I - a +4 great sword of slicing (weapon)
Missiles
 d - 38 sling bullets
 u - 4 tomahawks (quivered)
Armour
 k - a +1 pair of gloves (worn)
Jewellery
 f - an uncursed ring of loudness
 i - a +5 ring of strength (left hand)
 q - an uncursed ring of wizardry
 t - an uncursed ring of flight
 y - a +2 ring of strength
 E - a +4 ring of protection (right hand)
 G - an amulet of regeneration (around neck)
Wands
 l - a wand of flame (33)
 n - a wand of paralysis (12)
 v - a wand of random effects (25)
 D - a wand of polymorph (29)
 H - a wand of enslavement (26)
 J - a wand of scattershot (7)
 L - a wand of acid (10)
Scrolls
 e - 4 scrolls of remove curse
 p - 6 scrolls of teleportation
 F - a scroll of blinking
 K - a scroll of enchant armour
Potions
 c - 2 potions of curing
 g - 6 potions of agility
 h - 3 potions of lignification
 j - 2 potions of brilliance
 m - 3 potions of flight
 z - 2 potions of might {unknown}
 A - a potion of berserk rage {unknown}
 B - a potion of magic {unknown}
 C - 2 potions of heal wounds {unknown}
Comestibles
 b - 16 rations


   Skills:
 * Level 11.6 Fighting
 + Level 7.8 Long Blades
 + Level 6.4 Throwing
 * Level 9.9 Dodging


You had 10 spell levels left.
You didn't know any spells.

Dungeon Overview and Level Annotations

Branches:
Dungeon (11/15)            Temple (0/1) D:4            Lair (0/6) D:10
    Orc (0/2) D:10

Altars:
Ashenzari
Cheibriados
Elyvilon
Hepliaklqana
Kikubaaqudgha
Nemelex Xobeh
Okawaru
Qazlal
Ru
Trog
Uskayaw
Wu Jian
Xom
Yredelemnul
Zin

Shops:
D:4 *


Innate Abilities, Weirdness & Mutations

You can spit globs of acid.
You are resistant to acid.
Your golden yellow scales are hard. (AC +7)
You cannot fit into any form of body armour.
You are cold-blooded and may be slowed by cold attacks.


Message History

The two-headed ogre hits you but does no damage.
The centaur shoots an arrow.
The arrow misses you.
You feel better.
The centaur shoots an arrow.
The arrow hits you.
* * * LOW HITPOINT WARNING * * *
The centaur shoots an arrow.
The arrow closely misses you. The two-headed ogre closely misses you.
The two-headed ogre hits you with a giant club!
* * * LOW HITPOINT WARNING * * *
The centaur shoots an arrow.
The arrow hits you!
* * * LOW HITPOINT WARNING * * *
Blink to where?
Press: ? - help, Dir - move target cursor You are very lightly contaminated with residual magic.
As you read the scroll of blinking, it crumbles to dust.
The centaur unwields an uncursed shortbow.
The centaur closely misses you.
The centaur hits you but does no damage.
The centaur wields an uncursed shortbow.
The centaur shoots an arrow.
The arrow hits you.
You die...

#..<..# ..+ .
#.....# .##
##.....# .<
#......# .#
#.####.# .. #.
#.# .. # #.# ..#
#.####.##.?#
#..@.c.(#..#
######..#..#
#..#..
##(#.######
#O#....$..
#c).......
....c.[.(.......
......##(.......
...... .........


You could see a centaur.

Vanquished Creatures
  2 two-headed ogres
  Erica (D:8)
  Pikel (D:7)
  A manticore (D:11)
  A troll (D:11)
  Prince Ribbit (D:5)
  3 hippogriffs
  Sigmund (D:5)
  A spriggan (D:8)
  A wraith (D:10)
  A hungry ghost (D:10)
  2 water moccasins
  Duvessa (D:5)
  A sky beast (D:7)
  2 slaves (D:7)
  4 ice beasts
  2 orc warriors
  A necrophage (D:6)
  The ghost of GrandHerb the Slasher, an amateur DsGl (D:3)
  3 phantoms
  3 ogres
  8 centaurs
  A crocodile (D:8)
  Blork the orc (D:6)
  3 bullfrogs
  A wyvern zombie (D:6)
  Dowan (D:5)
  2 scorpions
  12 killer bees
  A troll zombie (D:10)
  5 wights
  5 howler monkeys
  A bullfrog zombie (D:6)
  3 crimson imps
  A quasit (D:6)
  2 jellies
  5 hounds
  6 orc wizards
  5 orc priests
  2 centaur skeletons
  12 worker ants
  Natasha (D:4)
  3 iguanas
  A big kobold zombie (Ossuary)
  5 ogre zombies (D:10)
  2 hound zombies
  8 mummies (Ossuary)
  A worker ant zombie (D:4)
  6 gnolls
  12 adders
  4 shadow imps
  2 oozes
  An adder skeleton (D:5)
  3 worms
  4 dart slugs
  9 leopard geckos
  36 orcs
  2 ball pythons
  A giant cockroach (D:3)
  A gnoll zombie (Ossuary)
  9 goblins
  9 hobgoblins
  19 jackals
  4 kobolds
  3 quokkas
  A ball python skeleton (D:4)
  7 bats
  7 frilled lizards
  5 goblin zombies (D:10)
  3 hobgoblin zombies (Ossuary)
  A jackal skeleton (D:4)
  3 orc skeletons (D:10)
  14 orc zombies
  A quokka skeleton (D:6)
  A quokka zombie (D:6)
  6 rats
306 creatures vanquished.

Notes
Turn   | Place    | Note
-------+----------+-------------------------------------------
     0 | D:1      | JarielCorvus the Draconian Berserker began the quest for the Orb.
     0 | D:1      | Reached XP level 1. HP: 19/19 MP: 1/1
   361 | D:1      | Reached XP level 2. HP: 26/26 MP: 2/2
   759 | D:1      | You fall through a shaft!
   917 | D:1      | Reached ** piety under Trog
   917 | D:1      | Reached XP level 3. HP: 33/33 MP: 3/3
  1045 | D:2      | Reached skill level 1 in Throwing
  1080 | D:2      | Reached skill level 4 in Fighting
  1090 | D:2      | Reached XP level 4. HP: 16/40 MP: 4/4
  1641 | D:2      | Found a sacrificial altar of Ru.
  1758 | D:2      | Found a bloodstained altar of Trog.
  1934 | D:3      | Found an iron altar of Okawaru.
  1982 | D:3      | Reached XP level 5. HP: 47/47 MP: 5/5
  2176 | D:3      | Reached *** piety under Trog
  2304 | D:3      | Noticed GrandHerb's ghost (amateur DsGl)
  2312 | D:3      | Killed GrandHerb's ghost
  2312 | D:3      | Reached skill level 5 in Fighting
  2312 | D:3      | Reached XP level 6. HP: 56/56 MP: 6/6
  2557 | D:3      | Found an ancient bone altar of Kikubaaqudgha.
  2699 | D:3      | Noticed a water elemental
  2700 | D:3      | Found a stormy altar of Qazlal.
  2703 | D:3      | Noticed a fire elemental
  2703 | D:3      | Noticed an air elemental
  3251 | D:4      | Reached **** piety under Trog
  3265 | D:4      | Found a staircase to the Ecumenical Temple.
  3278 | D:4      | Found Tetes's Assorted Antiques.
  3286 | D:4      | Bought a glowing hunting sling for 108 gold pieces
  3449 | D:4      | Found a basalt altar of Yredelemnul.
  3472 | D:4      | Noticed Natasha
  3478 | D:4      | Killed Natasha
  3478 | D:4      | Your scales start taking on a golden yellow colour.
  3478 | D:4      | Reached XP level 7. HP: 41/62 MP: 7/7
  3701 | D:4      | Found a white marble altar of Elyvilon.
  3960 | D:4      | Found a snail-covered altar of Cheibriados.
  4120 | D:5      | Entered Level 5 of the Dungeon
  4120 | D:5      | Noticed Duvessa
  4120 | D:5      | Noticed Dowan
  4123 | D:5      | Killed Dowan
  4128 | D:5      | Killed Duvessa
  4128 | D:5      | Reached skill level 6 in Fighting
  4128 | D:5      | Reached skill level 5 in Dodging
  4443 | D:5      | Noticed Prince Ribbit
  4450 | D:5      | Reached XP level 8. HP: 39/71 MP: 8/8
  4456 | D:5      | Killed Prince Ribbit
  4456 | D:5      | Reached skill level 7 in Fighting
  4459 | D:5      | Reached skill level 5 in Long Blades
  4806 | D:5      | Noticed Sigmund
  4821 | D:5      | Killed Sigmund
  4883 | D:5      | Found a shimmering altar of Xom.
  4888 | D:5      | Noticed an angel
  4892 | D:5      | Found a glowing silver altar of Zin.
  5257 | D:5      | Found a sparkling altar of Nemelex Xobeh.
  5340 | D:6      | Noticed Blork the orc
  5346 | D:6      | Killed Blork the orc
  5368 | D:6      | Reached skill level 8 in Fighting
  5389 | D:6      | Found a sand-covered staircase.
  5414 | D:6      | Reached XP level 9. HP: 26/80 MP: 9/9
  5645 | Ossuary  | Entered an ossuary
  5670 | Ossuary  | Reached ***** piety under Trog
  7030 | D:7      | Reached skill level 9 in Fighting
  7834 | D:7      | Noticed Pikel
  7861 | D:7      | Killed Pikel
  7861 | D:7      | Reached skill level 5 in Throwing
  7891 | D:7      | Reached XP level 10. HP: 67/91 MP: 10/10
  7934 | D:7      | Found a hazy altar of Hepliaklqana.
  8052 | D:8      | Found a shattered altar of Ashenzari.
  8114 | D:8      | Noticed Erica
  8143 | D:8      | Killed Erica
  8143 | D:8      | Reached skill level 10 in Fighting
  8317 | D:8      | Noticed a two-headed ogre
  8326 | D:8      | HP: 2/138 [two-headed ogre/giant club (23)]
  8328 | D:8      | Killed a two-headed ogre
  8914 | D:9      | Found an ornate altar of the Wu Jian Council.
  9053 | D:9      | Received a gift from Trog
  9197 | D:9      | Found a hide-covered altar of Uskayaw.
  9266 | D:10     | Entered Level 10 of the Dungeon
  9459 | D:10     | Found a staircase to the Lair.
  9521 | D:10     | Reached skill level 11 in Fighting
  9582 | D:10     | Found a staircase to the Orcish Mines.
 10035 | D:10     | Noticed a two-headed ogre
 10039 | D:10     | Killed a two-headed ogre
 10039 | D:10     | Reached XP level 11. HP: 64/101 MP: 11/11
 10589 | D:11     | Noticed a two-headed ogre
 10600 | D:11     | HP: 2/103 [centaur/arrow (7)]
 10603 | D:11     | Shot with an arrow by a centaur

Skill      XL: |  1  2  3  4  5  6  7  8  9 10 |
---------------+-------------------------------+-----
Dodging        | 3 4 5 6 8 9 |  9.9
Throwing       | 1 2 3 4 5 6 |  6.4
Fighting       | 4 5 6 8 9 11 | 11.6
Long Blades    | 4 5 6 7 |  7.8

Action                   |  1- 3 |  4- 6 |  7- 9 | 10-12 || total
-------------------------+-------+-------+-------+-------++-------
Melee: Falchion          |    67 |   176 |   336 |    21 ||   600
       Tailslap          |     9 |    28 |    85 |    39 ||   161
       Scimitar          |       |       |       |    91 ||    91
       Great sword       |       |       |       |   109 ||   109
 Fire: Hunting sling     |       |     8 |     9 |       ||    17
Throw: Tomahawk          |       |       |       |    33 ||    33
Invok: Berserk           |       |     3 |     2 |     3 ||     8
       Burn Spellbooks   |       |       |       |     1 ||     1
 Abil: Breathe Acid      |       |       |     5 |       ||     5
Evoke: Wand              |       |       |       |     8 ||     8
  Use: Scroll            |     7 |     4 |     4 |    13 ||    28
       Potion            |       |       |       |     2 ||     2
 Stab: Sleeping          |     1 |     1 |       |       ||     2
  Eat: Chunk             |       |    10 |    11 |    10 ||    31
       Ration            |       |     1 |     1 |     1 ||     3
Armor: Skin              |    27 |    55 |   114 |    85 ||   281
Dodge: Dodged            |    59 |   124 |   266 |   245 ||   694
       Rpst.: Falchion   |    16 |    35 |    90 |     9 ||   150
       Scimitar          |       |       |       |    24 ||    24
       Great sword       |       |       |       |    29 ||    29
